 Dungeon Crawl Stone Soup version 0.22-a0-825-ga28c36f (webtiles) character file.

119 Amnesiac the Magician (level 4, 0/30 HPs)
             Began as a Mummy Earth Elementalist on July 25, 2018.
             Slain by an orc
             ... wielding a +0 whip
              (7 damage)
             ... on level 4 of the Dungeon.
             The game lasted 00:02:18 (1133 turns).

Amnesiac the Magician (Mummy Earth Elementalist)    Turns: 1133, Time: 00:02:18

Health: 0/30       AC:  2    Str: 11    XL:     4   Next: 74%
Magic:  2/10       EV: 12    Int: 15    God:
Gold:   128        SH:  0    Dex: 12    Spells: 1/11 levels left

rFire    . . .     SeeInvis .   e - +0 short sword
rCold    . . .     Gourm    .   (no shield)
rNeg     + + +     Faith    .   c - +0 robe
rPois    ∞         Spirit   .   (no helmet)
rElec    .         Reflect  .   (no cloak)
rCorr    .         Harm     .   (no gloves)
MR       +....                  (no boots)
Stlth    ++........             (no amulet)
HPRegen  0.10/turn              j - ring of fire
MPRegen  0.12/turn              l - ring of protection from magic

@: very slightly contaminated
A: no food or potions, fire vulnerability, cold resistance 1, negative energy
resistance 3, torment resistance, unbreathing
a: no special abilities


You were on level 4 of the Dungeon.
You were not hungry.

You visited 1 branch of the dungeon, and saw 4 of its levels.

You collected 128 gold pieces.

Inventory:

Hand Weapons
 e - a +0 short sword (weapon)
Missiles
 b - 51 stones (quivered)
Armour
 c - a +0 robe (worn)
Jewellery
 j - a ring of fire (left hand)
 l - a ring of protection from magic (right hand)
Wands
 m - a wand of clouds (6)
Scrolls
 a - a scroll of enchant weapon {!r, unknown}
 d - 2 scrolls of amnesia {!r, unknown}
 f - 3 scrolls of magic mapping {!r, unknown}
 g - 2 scrolls of fog {!r, unknown}
 h - 2 scrolls of teleportation {!r, unknown}
 i - 3 scrolls of identify {!r, unknown}
 k - a scroll of blinking {!r, unknown}


   Skills:
 - Level 1.5 Dodging
 - Level 1.5 Stealth
 + Level 4.0 Spellcasting
 - Level 0.7 Transmutations
 * Level 4.0 Earth Magic


You had one spell level left.
You knew the following spells:

 Your Spells              Type           Power        Failure   Level  Hunger
a - Sandblast             Erth           ###...       3%          1    N/A
b - Passwall              Tmut/Erth      ##......     10%         2    N/A
c - Stone Arrow           Conj/Erth      #.....       24%         3    N/A
e - Petrify               Tmut/Erth      ##......     54%         4    N/A

Your spell library contained the following spells:

 Spells                   Type           Power        Failure   Level  Hunger
 Lee's Rapid Deconstruct  Erth           ###.......   67%         5    N/A

Dungeon Overview and Level Annotations

Branches:
Dungeon (4/15)
 Temple: D:4-7

Altars:
Dithmenos
Fedhas
Kikubaaqudgha
Okawaru
Sif Muna
Uskayaw


Innate Abilities, Weirdness & Mutations

You do not eat or drink.
Your flesh is vulnerable to fire.
You are immune to poison.
Your flesh is cold resistant. (rC+)
You are immune to negative energy. (rN+++)
You are immune to unholy pain and torment.
You can survive without breathing.


Message History

Aim: an orc, wearing a chain mail (moderately wounded)
The blast of sand hits the orc.
The orc is heavily wounded.
b - 55 stones The orc closely misses you.
Casting: Sandblast (safe; 3% risk of failure)
Confirm with . or Enter, or press ? or * to list all spells.
Aiming: Sandblast (safe; 3% risk of failure)
Press: ? - help, Shift-Dir - straight line, f/p - orc
Aim: an orc, wearing a chain mail (heavily wounded)
The blast of sand hits the orc.
The orc is severely wounded.
b - 54 stones The orc closely misses you.
The orc hits you with a club. The orc closely misses you.
Casting: Sandblast (safe; 3% risk of failure)
Confirm with . or Enter, or press ? or * to list all spells.
Aiming: Sandblast (safe; 3% risk of failure)
Press: ? - help, Shift-Dir - straight line, f/p - orc
Aim: an orc, wearing a chain mail (severely wounded)
You miscast Sandblast.
You are very lightly contaminated with residual magic.
Nothing appears to happen.
The orc priest mumbles some strange prayers to Beogh against you.
Beogh smites you! The orc hits you but does no damage.
The orc barely misses you. x2
Casting: Sandblast (safe; 3% risk of failure)
Confirm with . or Enter, or press ? or * to list all spells.
Aiming: Sandblast (safe; 3% risk of failure)
Press: ? - help, Shift-Dir - straight line, f/p - orc
Aim: an orc, wearing a chain mail (severely wounded)
The blast of sand hits the orc.
You kill the orc!
b - 53 stones A scorpion comes into view.
The orc misses you.
Casting: Sandblast (safe; 3% risk of failure)
Confirm with . or Enter, or press ? or * to list all spells.
Aiming: Sandblast (safe; 3% risk of failure)
Press: ? - help, Shift-Dir - straight line, f - orc priest
Aim: an orc priest, wielding a flail The blast of sand hits the orc priest.
The orc priest is severely wounded.
b - 52 stones The orc barely misses you.
The orc priest closely misses you. The orc misses you.
Casting: Sandblast (safe; 3% risk of failure)
Confirm with . or Enter, or press ? or * to list all spells.
Aiming: Sandblast (safe; 3% risk of failure)
Press: ? - help, Shift-Dir - straight line, f/p - orc priest
Aim: an orc priest, wielding a flail (severely wounded)
The blast of sand hits the orc priest.
You kill the orc priest!
Your Spellcasting skill increases to level 4!
Your Earth Magic skill increases to level 4!
b - 51 stones The orc hits you but does no damage.
The orc barely misses you. The orc barely misses you.
You hit the orc.
The orc is almost dead.
The orc hits you with a club. The scorpion stings you!
* * * LOW HITPOINT WARNING * * *
The orc hits you with a whip!
You die...

............. ............
........... .......o.. .......
### .... ..##########'#####
..........#...)s.#
.......>..#....o@#
..........#....o.# +.....
..........#......# #.....##
..........'......# ###.....##
#...##....##.....# ........+
#...##)...##.....# #.....##
#..............†.+ #.....##
#................# #.......
#................#########.......


You could see a scorpion and 2 orcs.

Vanquished Creatures
  An orc priest (D:4)
  A bullfrog skeleton (D:2)
  3 adders
  An ooze (D:2)
  2 worms (D:2)
  A leopard gecko (D:1)
  An orc (D:4)
  4 hobgoblins (D:2)
  3 kobolds
  2 ball pythons
  4 frilled lizards
  3 goblins
  4 rats
30 creatures vanquished.

Notes
Turn   | Place    | Note
-------+----------+-------------------------------------------
     0 | D:1      | Amnesiac the Mummy Earth Elementalist began the quest for the Orb.
     0 | D:1      | Reached XP level 1. HP: 13/13 MP: 4/4
   175 | D:2      | Found an ancient bone altar of Kikubaaqudgha.
   179 | D:2      | Found a deep blue altar of Sif Muna.
   181 | D:2      | Found a shadowy altar of Dithmenos.
   182 | D:2      | Found an iron altar of Okawaru.
   185 | D:2      | Found a blossoming altar of Fedhas.
   186 | D:2      | Found a hide-covered altar of Uskayaw.
   234 | D:2      | Reached XP level 2. HP: 4/19 MP: 5/5
   238 | D:2      | Learned a level 2 spell: Passwall
   506 | D:2      | Reached XP level 3. HP: 24/24 MP: 1/7
   511 | D:2      | Learned a level 3 spell: Stone Arrow
   989 | D:3      | Reached XP level 4. HP: 27/30 MP: 9/9
  1003 | D:3      | Learned a level 4 spell: Petrify
  1133 | D:4      | Slain by an orc

Vault maps used:
D:1:      mrwooster_arrival_arrow
D:2:      minitemple
D:3:      marbit_many_paths
D:4:      chequers_temple_overflow_statue_of_worship

Skill      XL: |  1  2  3  4 |
---------------+-------------+-----
Spellcasting   | 3 4 |  4.0
Earth Magic    | 3 4 |  4.0
Dodging        | |  1.5
Stealth        | |  1.5
Transmutations | |  0.7

Action                   |  1- 3 |  4- 6 || total
-------------------------+-------+-------++-------
Melee: Short sword       |    29 |     4 ||    33
       Dagger            |     6 |       ||     6
 Cast: Sandblast         |    28 |    11 ||    39
Armor: Robe              |     5 |     1 ||     6
Dodge: Dodged            |    23 |    16 ||    39

Table legend:
 A = Spawn XP
 B = Non-spawn XP
 C = Spawn XP percentage of total XP
 D = Spawn monster count
 E = Non-spawn monster count
 F = Spawn count percentage of total count
 G = Total turns spent on level
                    A         B        C        D         E        F      G
               +---------+---------+-------+---------+---------+-------+---------
         Total |       0 |     171 |   0.0 |       0 |      30 |   0.0 |  1133
               +---------+---------+-------+---------+---------+-------+---------
           D:1 |       0 |       6 |   0.0 |       0 |       3 |   0.0 |   176
           D:2 |       0 |      82 |   0.0 |       0 |      16 |   0.0 |   558
           D:3 |       0 |       9 |   0.0 |       0 |       6 |   0.0 |   270
           D:4 |       0 |      74 |   0.0 |       0 |       5 |   0.0 |   129
               +---------+---------+-------+---------+---------+-------+---------
